 Dungeon Crawl Stone Soup version 0.21.1-1-g345015f (webtiles) character file.

1122 inc the Shield-Bearer (level 8, -2/67 HPs)
             Began as a Gnoll Fighter on June 8, 2018.
             Was a Believer of Ashenzari.
             Slain by an orc warrior
             ... wielding a +0 trident
              (7 damage)
             ... on level 6 of the Dungeon.
             The game lasted 00:10:49 (6220 turns).

inc the Shield-Bearer (Gnoll Fighter)               Turns: 6220, Time: 00:10:50

Health: -2/67      AC:  3    Str: 22    XL:     8   Next: 35%
Magic:  12/12      EV: 12    Int: 13    God:    Ashenzari [**....]
Gold:   299        SH:  6    Dex: 15    Spells: 13/13 levels left

rFire    . . .     SeeInvis .   s - +2 whip (vamp) (curse)
rCold    . . .     Gourm    .   A - +0 buckler (curse)
rNeg     . . .     Faith    .   b - +0 scale mail (curse)
rPois    .         Spirit   .   (no helmet)
rElec    .         Reflect  .   (no cloak)
rCorr    .         Harm     .   (no gloves)
MR       .....                  (no boots)
Stlth    +.........             t - amulet of magic regeneration
HPRegen  0.21/turn              D - +4 ring of strength
MPRegen  0.38/turn              (no ring)

@: corroded
A: distributed training, fangs 1, strong nose
a: Curse Item, Scrying, Renounce Religion


You were on level 6 of the Dungeon.
You worshipped Ashenzari.
Ashenzari was pleased with you.
You were not hungry.

You visited 1 branch of the dungeon, and saw 6 of its levels.

You collected 299 gold pieces.

Inventory:

Hand Weapons
 a - a +0 flail
 s - a cursed +2 vampiric whip (weapon)
Armour
 b - a cursed +0 scale mail (worn)
 c - a +0 shield
 A - a cursed +0 buckler (worn)
Jewellery
 t - an amulet of magic regeneration (around neck)
 D - a +4 ring of strength (left hand)
Wands
 x - a wand of iceblast (12)
 B - a wand of paralysis (13)
 C - a wand of polymorph (7)
Scrolls
 g - 4 scrolls of teleportation {unknown}
 h - 2 scrolls of fog {unknown}
 j - a scroll of magic mapping {unknown}
 k - 3 scrolls of identify {unknown}
 m - 2 scrolls of enchant armour {unknown}
 n - a scroll of fear {unknown}
 o - a scroll of amnesia {unknown}
 q - 3 scrolls of immolation {unknown}
 r - 2 scrolls of blinking {unknown}
 u - 2 scrolls of enchant weapon {unknown}
 y - 2 scrolls of remove curse
 z - a scroll of random uselessness {unknown}
Potions
 d - 3 potions of might
 e - 2 potions of degeneration {unknown}
 i - a potion of berserk rage {unknown}
 l - 2 potions of heal wounds {unknown}
 p - 3 potions of agility
 v - a potion of resistance {unknown}
 w - a potion of magic {unknown}
Comestibles
 f - 12 rations


   Skills:
 + Level 7.3 Fighting
 + Level 3.1 Short Blades
 + Level 3.1 Long Blades
 + Level 3.1 Axes
 + Level 5.6(7.9) Maces & Flails
 + Level 3.1 Polearms
 + Level 3.1 Staves
 + Level 3.1 Slings
 + Level 3.1 Bows
 + Level 3.1 Crossbows
 + Level 3.1 Throwing
 + Level 7.3 Armour
 + Level 3.1 Dodging
 + Level 3.1 Stealth
 + Level 7.3(8.8) Shields
 + Level 3.1 Unarmed Combat
 + Level 3.1 Spellcasting
 + Level 2.5 Conjurations
 + Level 2.5 Hexes
 + Level 2.5 Charms
 + Level 2.5 Summonings
 + Level 2.5 Necromancy
 + Level 2.5 Translocations
 + Level 2.5 Transmutations
 + Level 2.5 Fire Magic
 + Level 2.5 Ice Magic
 + Level 2.5 Air Magic
 + Level 2.5 Earth Magic
 + Level 2.5 Poison Magic
 + Level 3.4 Invocations
 + Level 3.1 Evocations


You had 13 spell levels left.
You didn't know any spells.

Dungeon Overview and Level Annotations

Branches:
Dungeon (6/15)             Temple (0/1) D:4

Altars:
Ashenzari
Fedhas
Makhleb
Okawaru
Sif Muna
Trog

Annotations:
D:4 Ethylacetat's ghost, amateur DsCK


Innate Abilities, Weirdness & Mutations

Your experience applies equally to all skills.
You have very sharp teeth.
Your uncanny sense of smell can sniff out nearby items.


Message History

You block the jelly's attack.
You hit the jelly but do no damage.
Your hands burn!
You bite the jelly.
The jelly is moderately wounded.
You block the orc warrior's attack. The jelly hits you but does no damage.
You hit the jelly.
You feel better.
Your hands burn!
You bite the jelly, but do no damage.
The jelly is heavily wounded.
You hit the jelly.
Your hands burn!
The jelly is severely wounded.
You block the jelly's attack. The orc warrior misses you.
You hit the jelly.
Your hands burn!
* * * LOW HITPOINT WARNING * * *
The jelly is severely wounded.
The jelly closely misses you.
The orc warrior hits you with a trident!
* * * LOW HITPOINT WARNING * * *
Unknown command.
Okay, then.
The orc warrior hits you with a trident!
You die...

.####..o# #...# *,
##...#### * #...(...# * ,
#..#..#.### ,
#.###.....#...# * ,
#.......#####.# *
#####.....#..o#########.#
*
...........#.@.Jh((.......
,
#.####.###...###########.#
* #.# #..## *,** #.# #..##
* # , ,..# #...# * , . *
### ##..# ###* * * .
#†.#..., , , ,
#######..#.# * ## * * ,
...........# *.. ∆


You could see an orc warrior, a hound and a jelly.

Vanquished Creatures
  Grinder (D:5)
  A sky beast (D:6)
  2 scorpions (D:5)
  3 crimson imps
  3 orc priests
  A jelly (D:6)
  A bullfrog skeleton (D:5)
  2 centaur skeletons
  4 orc wizards
  5 worker ants
  A hound skeleton (D:4)
  6 adders
  3 gnolls (D:2)
  An ooze (D:1)
  An adder skeleton (D:5)
  An adder zombie (D:4)
  3 worms
  2 dart slugs
  5 leopard geckos
  18 orcs
  2 ball pythons (D:3)
  2 giant cockroaches
  6 goblins
  5 hobgoblins
  4 quokkas
  3 bats (D:2)
  4 frilled lizards
  10 kobolds
  8 rats
108 creatures vanquished.

Vanquished Creatures (others)
  A hound skeleton (D:4)
  A plant (D:3)
2 creatures vanquished.

Grand Total: 110 creatures vanquished

Notes
Turn   | Place    | Note
-------+----------+-------------------------------------------
     0 | D:1      | inc the Gnoll Fighter began the quest for the Orb.
     0 | D:1      | Reached XP level 1. HP: 23/23 MP: 1/1
   248 | D:1      | Reached XP level 2. HP: 27/29 MP: 2/2
   573 | D:2      | Reached XP level 3. HP: 21/35 MP: 3/3
   731 | D:2      | Reached skill level 1 in Invocations
   913 | D:2      | Found a shattered altar of Ashenzari.
  1110 | D:2      | Reached skill level 1 in Short Blades
  1110 | D:2      | Reached skill level 1 in Long Blades
  1110 | D:2      | Reached skill level 1 in Axes
  1110 | D:2      | Reached skill level 1 in Polearms
  1110 | D:2      | Reached skill level 1 in Staves
  1110 | D:2      | Reached skill level 1 in Slings
  1110 | D:2      | Reached skill level 1 in Bows
  1110 | D:2      | Reached skill level 1 in Crossbows
  1110 | D:2      | Reached skill level 1 in Throwing
  1110 | D:2      | Reached skill level 1 in Dodging
  1110 | D:2      | Reached skill level 1 in Stealth
  1110 | D:2      | Reached skill level 1 in Unarmed Combat
  1110 | D:2      | Reached skill level 1 in Spellcasting
  1110 | D:2      | Reached skill level 1 in Evocations
  1473 | D:2      | Reached XP level 4. HP: 31/41 MP: 5/5
  1908 | D:3      | Found a deep blue altar of Sif Muna.
  1964 | D:3      | Reached skill level 1 in Conjurations
  1964 | D:3      | Reached skill level 1 in Hexes
  1964 | D:3      | Reached skill level 1 in Charms
  1964 | D:3      | Reached skill level 1 in Summonings
  1964 | D:3      | Reached skill level 1 in Necromancy
  1964 | D:3      | Reached skill level 1 in Translocations
  1964 | D:3      | Reached skill level 1 in Transmutations
  1964 | D:3      | Reached skill level 1 in Fire Magic
  1964 | D:3      | Reached skill level 1 in Ice Magic
  1964 | D:3      | Reached skill level 1 in Air Magic
  1964 | D:3      | Reached skill level 1 in Earth Magic
  1964 | D:3      | Reached skill level 1 in Poison Magic
  2230 | D:3      | Reached XP level 5. HP: 43/47 MP: 6/6
  2664 | D:2      | Became a worshipper of Ashenzari the Shackled
  2936 | D:3      | Found a burning altar of Makhleb.
  2936 | D:3      | Found a faded altar of an unknown god.
  2941 | D:3      | Found a faded altar of an unknown god.
  2943 | D:3      | Found an iron altar of Okawaru.
  2945 | D:3      | Found a bloodstained altar of Trog.
  3320 | D:4      | Found a blossoming altar of Fedhas.
  3353 | D:4      | Noticed Ethylacetat's ghost (amateur DsCK)
  3571 | D:4      | Reached XP level 6. HP: 29/53 MP: 8/8
  3833 | D:4      | Reached skill level 5 in Maces & Flails
  3909 | D:4      | Reached * piety under Ashenzari
  3910 | D:4      | Found a staircase to the Ecumenical Temple.
  4243 | D:5      | Entered Level 5 of the Dungeon
  4476 | D:5      | Reached XP level 7. HP: 53/59 MP: 10/10
  4808 | D:5      | Noticed Grinder
  4820 | D:5      | Paralysed by Grinder for 3 turns
  4839 | D:5      | Paralysed by Grinder for 3 turns
  4863 | D:5      | Killed Grinder
  4983 | D:5      | Reached XP level 8. HP: 46/67 MP: 12/12
  5184 | D:5      | Reached ** piety under Ashenzari
  6220 | D:6      | Slain by an orc warrior

Skill      XL: |  1  2  3  4  5  6  7  8 |
---------------+-------------------------+-----
Invocations    | 1 2 3 |  3.4
Short Blades   | 1 2 3 |  3.1
Long Blades    | 1 2 3 |  3.1
Axes           | 1 2 3 |  3.1
Polearms       | 1 2 3 |  3.1
Staves         | 1 2 3 |  3.1
Slings         | 1 2 3 |  3.1
Bows           | 1 2 3 |  3.1
Crossbows      | 1 2 3 |  3.1
Throwing       | 1 2 3 |  3.1
Dodging        | 1 2 3 |  3.1
Stealth        | 1 2 3 |  3.1
Unarmed Combat | 1 2 3 |  3.1
Spellcasting   | 1 2 3 |  3.1
Evocations     | 1 2 3 |  3.1
Conjurations   | 1 2 |  2.5
Hexes          | 1 2 |  2.5
Charms         | 1 2 |  2.5
Summonings     | 1 2 |  2.5
Necromancy     | 1 2 |  2.5
Translocations | 1 2 |  2.5
Transmutations | 1 2 |  2.5
Fire Magic     | 1 2 |  2.5
Ice Magic      | 1 2 |  2.5
Air Magic      | 1 2 |  2.5
Earth Magic    | 1 2 |  2.5
Poison Magic   | 1 2 |  2.5
Maces & Flails | 5 |  5.6
Fighting       | 7 |  7.3
Armour         | 7 |  7.3
Shields        | 7 |  7.3

Action                   |  1- 3 |  4- 6 |  7- 9 || total
-------------------------+-------+-------+-------++-------
Melee: Flail             |   115 |   101 |       ||   216
       Bite              |    12 |    31 |    23 ||    66
       Whip              |       |   133 |   184 ||   317
Invok: Curse Item        |       |     1 |     1 ||     2
  Use: Potion            |       |       |     2 ||     2
  Eat: Chunk             |     1 |     8 |     3 ||    12
       Ration            |       |     2 |     1 ||     3
Armor: Scale mail        |    33 |    60 |    41 ||   134
Dodge: Dodged            |    38 |    57 |    59 ||   154
Block: Shield            |    80 |    84 |       ||   164
       Buckler           |       |    27 |    39 ||    66
